 Dungeon Crawl Stone Soup version 0.24-a0-67-ga78bd38 (webtiles) character file.

Game seed: 9617951362056447607

180 galech the Skirmisher (level 5, 0/41 HPs)
             Began as a Demonspawn Fighter on Feb 5, 2019.
             Slain by Sigmund
             ... wielding a +0 scythe
              (10 damage)
             ... on level 3 of the Dungeon.
             The game lasted 00:02:16 (2184 turns).

galech the Skirmisher (Demonspawn Fighter)          Turns: 2184, Time: 00:02:16

Health: 0/41       AC:  8    Str: 16    XL:     5   Next: 33%
Magic:  5/5        EV:  7    Int:  9    God:
Gold:   143        SH:  9    Dex: 14    Spells: 4/4 levels left

rFire    + . .     SeeInvis +   a - +0 war axe
rCold    . . .     Gourm    .   c - +0 shield
rNeg     . . .     Faith    .   b - +0 scale mail
rPois    .         Spirit   .   i - +2 hat
rElec    .         Reflect  .   (no cloak)
rCorr    .         Harm     .   (no gloves)
MR       .....                  (no boots)
Stlth    ..........             (no amulet)
HPRegen  0.13/turn              n - ring of see invisible
MPRegen  0.09/turn              (no ring)

@: no status effects
A: fire resistance 1, powered by pain 1, flame cloud immunity
a: no special abilities


You were on level 3 of the Dungeon.
You were not hungry.

You visited 1 branch of the dungeon, and saw 3 of its levels.

You collected 143 gold pieces.

Inventory:

Hand Weapons
 a - a +0 war axe (weapon)
Armour
 b - a +0 scale mail (worn)
 c - a +0 shield (worn)
 i - a +2 hat (worn)
Jewellery
 n - a ring of see invisible (left hand)
Scrolls
 j - 3 scrolls of teleportation {unknown}
 k - a scroll of identify {unknown}
 l - 2 scrolls of enchant armour {unknown}
 o - a scroll of amnesia {unknown}
 q - a scroll of enchant weapon {unknown}
Potions
 e - a potion of haste {unknown}
 g - a potion of curing {unknown}
 h - 2 potions of heal wounds
 p - a potion of degeneration {unknown}
Comestibles
 f - 8 rations
 m - 14 chunks of flesh


   Skills:
 + Level 3.6 Fighting
 + Level 3.4 Axes
 + Level 3.4 Armour
 + Level 0.8 Dodging
 + Level 0.1 Stealth
 + Level 3.4 Shields


You had 4 spell levels left.
You didn't know any spells.
Your spell library was empty.

Dungeon Overview and Level Annotations

Branches:
Dungeon (3/15)

Altars:

Annotations:
D:3 Sigmund


Innate Abilities, Weirdness & Mutations

Your flesh is heat resistant. (rF+)
You sometimes gain a little power by taking damage.
You are immune to clouds of flame.


Message History

You block Sigmund's attack.
You hit Sigmund but do no damage. Sigmund casts a spell at you.
The magic dart hits you.
* * * LOW HITPOINT WARNING * * *
You barely miss Sigmund. Sigmund hits you but does no damage.
You closely miss Sigmund. Sigmund casts a spell at you.
You resist with some effort.
You slash Sigmund!
Sigmund is heavily wounded.
You block Sigmund's attack.
Your shield prevents you from hitting Sigmund.
Sigmund is heavily wounded.
Sigmund hits you with a +0 scythe.
* * * LOW HITPOINT WARNING * * *
You hit Sigmund.
Sigmund is severely wounded.
Sigmund hits you with a +0 scythe!
You die...

#.# #.. #.# .. .
#.###.#.# ##......
...... #. #...# #.
#@..#.# #.. #@..#.# .#
#... #...#.# #.#
#...##...#.#
#.#.##.........####
#.#.##.............
#.#.##.........###.
.######.#.##.........#
........#.########.#.#
#รท.#.## #.#.#


You could see Sigmund (invisible).

Vanquished Creatures
  An ogre (D:2)
  2 adders (D:2)
  2 oozes (D:2)
  2 worms (D:2)
  4 dart slugs
  2 leopard geckos (D:2)
  7 orcs
  4 giant cockroaches
  2 goblins
  7 hobgoblins
  10 bats
  6 kobolds (D:1)
  4 rats
53 creatures vanquished.

Notes
Turn   | Place    | Note
-------+----------+-------------------------------------------
     0 | D:1      | galech the Demonspawn Fighter began the quest for the Orb.
     0 | D:1      | Reached XP level 1. HP: 18/18 MP: 1/1
   218 | D:1      | Gained mutation: You sometimes gain a little power by
                  | taking damage. [demonic ancestry]
   218 | D:1      | Reached XP level 2. HP: 23/24 MP: 2/2
   800 | D:1      | Gained mutation: Your flesh is heat resistant. (rF+)
                  | [demonic ancestry]
   800 | D:1      | Reached XP level 3. HP: 22/29 MP: 3/3
  1629 | D:2      | Gained mutation: You are immune to clouds of flame.
                  | [demonic ancestry]
  1629 | D:2      | Reached XP level 4. HP: 34/35 MP: 4/4
  1779 | D:2      | Noticed an ogre
  1785 | D:2      | Killed an ogre
  1785 | D:2      | Reached XP level 5. HP: 41/41 MP: 5/5
  2156 | D:3      | Noticed Sigmund
  2184 | D:3      | Slain by Sigmund

Vault maps used:
D:1:      psy_arrival_terrarium, grunt_decor_arrowhead, minmay_vboxes
D:3:      first_ration, uniq_sigmund

Skill      XL: |  1  2  3  4 |
---------------+-------------+-----
Axes           | 2 3 |  3.4
Armour         | 3 |  3.4
Shields        | 3 |  3.4
Fighting       | |  3.6
Dodging        | |  0.8
Stealth        | |  0.1

Action                   |  1- 3 |  4- 6 || total
-------------------------+-------+-------++-------
Melee: War axe           |   114 |    58 ||   172
  Use: Potion            |       |     1 ||     1
  Eat: Chunk             |     2 |     2 ||     4
Armor: Scale mail        |    80 |    25 ||   105
Dodge: Dodged            |    50 |    16 ||    66
Block: Shield            |    64 |    34 ||    98

Table legend:
 A = Non-vault XP
 B = Vault XP
 C = Vault XP percentage of total XP
 D = Non-vault monster count
 E = Vault monster count
 F = Vault count percentage of total count
                 A         B        C        D         E       F
            +---------+---------+-------+---------+---------+-------
      Total |     246 |      12 |   4.7 |      47 |       6 |  11.3
            +---------+---------+-------+---------+---------+-------
        D:1 |      40 |      12 |  23.1 |      22 |       6 |  21.4
        D:2 |     191 |       0 |   0.0 |      19 |       0 |   0.0
        D:3 |      15 |       0 |   0.0 |       6 |       0 |   0.0
            +---------+---------+-------+---------+---------+-------
